| TOP OF THE 1ST |
|
Cincinnati Reds batting - Pitching for Atlanta Hammers : RHP Mike Whiteford
|
|
Pitching: RHP Mike Whiteford
|
|
|
Batting: LHB Mike Lambright
|
0-0: Foul Ball, location: 7LSF 0-1: Ball 1-1: Ball 2-1: Foul Ball, location: 2F 2-2: Strikes out swinging
|
|
Batting: RHB Jeff Adams
|
0-0: Foul Ball, location: 5F 0-1: Foul Ball, location: 5SF 0-2: Foul Ball, location: 9LSF 0-2: Fly out, F8 (Line Drive, 8LM, EV 95 MPH)
|
|
Batting: LHB José Parra
|
0-0: Called Strike 0-1: Ball 1-1: Ball 2-1: Ball 3-1: Foul Ball, location: 5F 3-2: Strikes out swinging
|
| Top of the 1st over - 0 runs, 0 hits, 0 errors, 0 left on base; Cincinnati 0 - Atlanta 0 |
| BOTTOM OF THE 1ST |
|
Atlanta Hammers batting - Pitching for Cincinnati Reds : RHP Marcus Stroman
|
|
Pitching: RHP Marcus Stroman
|
|
|
Batting: LHB Luis Herta
|
0-0: Ball 1-0: Ground out 4-3 (Groundball, 4S, EV 72 MPH)
|
|
Batting: RHB Clarence Shelton
|
0-0: Ball 1-0: Foul Ball, location: 2F 1-1: Ball 2-1: SOLO HOME RUN (Flyball, 7D, EV 105 MPH), Distance : 371 ft
|
|
Batting: LHB Mal Bickerton
|
0-0: Ball 1-0: Called Strike 1-1: Swinging Strike 1-2: Ball 2-2: Strikes out looking
|
|
Batting: RHB Jim Bowers
|
0-0: Called Strike 0-1: Called Strike 0-2: Foul Ball, location: 2F 0-2: Ball 1-2: Ground out 6-3 (Groundball, 6M, EV 70 MPH)
|
| Bottom of the 1st over - 1 run, 1 hit, 0 errors, 0 left on base; Cincinnati 0 - Atlanta 1 |
| TOP OF THE 2ND |
|
Cincinnati Reds batting - Pitching for Atlanta Hammers : RHP Mike Whiteford
|
|
Batting: RHB Blake Anderson
|
0-0: Ball 1-0: Foul Ball, location: 9LMF 1-1: Swinging Strike 1-2: Ball 2-2: Ball 3-2: Base on Balls
|
|
Batting: RHB Jorge Cortéz
|
0-0: Bunted foul 0-1: Ball 1-1: Bunted foul 1-2: Ball 2-2: Ball 3-2: DOUBLE (Line Drive, 78XD, EV 75 MPH) Blake Anderson to third
|
|
Batting: RHB Orlando Arcia
|
0-0: Ball 1-0: Foul Ball, location: 23F 1-1: Ground out 5-3 (Groundball, 56S, EV 57 MPH) Blake Anderson scores Jorge Cortéz to third
|
|
Batting: RHB Tito Polo
|
0-0: Called Strike 0-1: Ball 1-1: Called Strike 1-2: Strikes out swinging
|
|
Batting: LHB José Juárez
|
0-0: Ball 1-0: Ball 2-0: Foul Ball, location: 2F 2-1: Ball 3-1: Foul Ball, location: 23FF 3-2: Strikes out looking
|
| Top of the 2nd over - 1 run, 1 hit, 0 errors, 1 left on base; Cincinnati 1 - Atlanta 1 |
| BOTTOM OF THE 2ND |
|
Atlanta Hammers batting - Pitching for Cincinnati Reds : RHP Marcus Stroman
|
|
Batting: LHB Artie Bailey
|
0-0: Foul Ball, location: 2F 0-1: Ball 1-1: Swinging Strike 1-2: Foul Ball, location: 3DF 1-2: Foul Ball, location: 9LSF 1-2: SINGLE (Line Drive, 9S, EV 87 MPH)
|
|
Batting: LHB Tyrone Hanna
|
0-0: Foul Ball, location: 9LMF 0-1: Foul Ball, location: 2F 0-2: Ball 1-2: SINGLE (Line Drive, 7S, EV 81 MPH) Artie Bailey to second
|
|
Batting: RHB Wilmer Flores
|
0-0: Fly out, F8 (Flyball, 89D, EV 94 MPH)
|
|
Batting: RHB Elys Escobar
|
0-0: Called Strike 0-1: Reached on error, E1 (Groundball, 13S, EV 79 MPH) Artie Bailey to third Tyrone Hanna to second
|
|
Batting: RHB Eric James
|
0-0: Swinging Strike 0-1: Ball 1-1: Grounds into double play, 5-4-3 (Groundball, 5S, EV 94 MPH)
|
| Bottom of the 2nd over - 0 runs, 2 hits, 1 error, 2 left on base; Cincinnati 1 - Atlanta 1 |
| TOP OF THE 3RD |
|
Cincinnati Reds batting - Pitching for Atlanta Hammers : RHP Mike Whiteford
|
|
Batting: RHB Dana Jones
|
0-0: Ball 1-0: Foul Ball, location: 9LSF 1-1: Fly out, F9 (Flyball, 9D, EV 90 MPH)
|
|
Batting: LHB Mike Lambright
|
0-0: Ball 1-0: Ball 2-0: Ground out 5-3 (Groundball, 5S, EV 73 MPH)
|
|
Batting: RHB Jeff Adams
|
0-0: Ball 1-0: Called Strike 1-1: Foul Ball, location: 2F 1-2: Foul Ball, location: 5F 1-2: Ball 2-2: Ball 3-2: Base on Balls
|
|
Batting: LHB José Parra
|
0-0: Ball 1-0: Foul Ball, location: 2F 1-1: Ground out U3 (Groundball, 3S, EV 70 MPH)
|
| Top of the 3rd over - 0 runs, 0 hits, 0 errors, 1 left on base; Cincinnati 1 - Atlanta 1 |
| BOTTOM OF THE 3RD |
|
Atlanta Hammers batting - Pitching for Cincinnati Reds : RHP Marcus Stroman
|
|
Batting: LHB Luis Herta
|
0-0: Ball 1-0: Foul Ball, location: 9LDF 1-1: Ball 2-1: Swinging Strike 2-2: Fly out, F7 (Flyball, 7S, EV 82 MPH)
|
|
Batting: RHB Clarence Shelton
|
0-0: Called Strike 0-1: Fly out, F9 (Flyball, 9S, EV 69 MPH)
|
|
Batting: LHB Mal Bickerton
|
0-0: Ball 1-0: Ball 2-0: Called Strike 2-1: Ball 3-1: Called Strike 3-2: Base on Balls
|
|
Batting: RHB Jim Bowers
|
0-0: Ball 1-0: Called Strike 1-1: Ball 2-1: Foul Ball, location: 5DF 2-2: Strikes out swinging
|
| Bottom of the 3rd over - 0 runs, 0 hits, 0 errors, 1 left on base; Cincinnati 1 - Atlanta 1 |
| TOP OF THE 4TH |
|
Cincinnati Reds batting - Pitching for Atlanta Hammers : RHP Mike Whiteford
|
|
Batting: RHB Blake Anderson
|
0-0: Fly out, F4 (Popup, 23, EV 66 MPH)
|
|
Batting: RHB Jorge Cortéz
|
0-0: Ball 1-0: Called Strike 1-1: Ball 2-1: SINGLE (Groundball, 6M, EV 79 MPH) (infield hit)
|
|
Batting: RHB Orlando Arcia
|
0-0: SINGLE (Groundball, 15S, EV 62 MPH) (infield hit) Jorge Cortéz to second
|
|
Batting: RHB Tito Polo
|
0-0: Ball Jorge Cortéz steals 3rd base (no throw) Orlando Arcia to second 1-0: Swinging Strike 1-1: Ball 2-1: Fly out, F9 (Flyball, 9LD, EV 104 MPH) Runner from 3rd tags up, SCORES, no throw by RF
|
|
Batting: LHB José Juárez
|
0-0: Ball 1-0: Ball 2-0: Ball 3-0: Called Strike 3-1: Foul Ball, location: 2F 3-2: Hit by Pitch
|
|
Batting: RHB Dana Jones
|
0-0: Called Strike 0-1: Foul Ball, location: 2F 0-2: Foul Ball, location: 2F 0-2: Ball 1-2: Ball 2-2: Ball 3-2: Ground out 4-3 (Groundball, 4S, EV 90 MPH)
|
| Top of the 4th over - 1 run, 2 hits, 0 errors, 2 left on base; Cincinnati 2 - Atlanta 1 |
| BOTTOM OF THE 4TH |
|
Atlanta Hammers batting - Pitching for Cincinnati Reds : RHP Marcus Stroman
|
|
Batting: LHB Artie Bailey
|
0-0: Called Strike 0-1: Foul Ball, location: 3FF 0-2: Ball 1-2: Ball 2-2: SINGLE (Line Drive, 9LM, EV 94 MPH)
|
|
Batting: LHB Tyrone Hanna
|
0-0: Ball 1-0: Ball 2-0: Fly out, F9 (Flyball, 9LM, EV 93 MPH)
|
|
Batting: RHB Wilmer Flores
|
0-0: Ball 1-0: Called Strike 1-1: Swinging Strike 1-2: Fly out, F5 (Popup, 5S, EV 62 MPH)
|
|
Batting: RHB Elys Escobar
|
0-0: Called Strike 0-1: Foul Ball, location: 7LMF 0-2: Foul Ball, location: 3FF 0-2: Ball 1-2: Ball 2-2: Ball Wild Pitch! Artie Bailey to second 3-2: Fly out, F8 (Flyball, 8RXD, EV 94 MPH)
|
| Bottom of the 4th over - 0 runs, 1 hit, 0 errors, 1 left on base; Cincinnati 2 - Atlanta 1 |
| TOP OF THE 5TH |
|
Cincinnati Reds batting - Pitching for Atlanta Hammers : RHP Mike Whiteford
|
|
Batting: LHB Mike Lambright
|
0-0: Swinging Strike 0-1: Swinging Strike 0-2: Fly out, F8 (Line Drive, 8RD, EV 86 MPH)
|
|
Batting: RHB Jeff Adams
|
0-0: Ground out 6-3 (Groundball, 6M, EV 89 MPH)
|
|
Batting: LHB José Parra
|
0-0: Ball 1-0: Ball 2-0: Ball 3-0: Called Strike 3-1: Fly out, F4 (Line Drive, 4, EV 104 MPH)
|
| Top of the 5th over - 0 runs, 0 hits, 0 errors, 0 left on base; Cincinnati 2 - Atlanta 1 |
| BOTTOM OF THE 5TH |
|
Atlanta Hammers batting - Pitching for Cincinnati Reds : RHP Marcus Stroman
|
|
Batting: RHB Eric James
|
0-0: Swinging Strike 0-1: Swinging Strike 0-2: Ball 1-2: Fly out, F9 (Flyball, 89M, EV 73 MPH)
|
|
Batting: LHB Luis Herta
|
0-0: Called Strike 0-1: Called Strike 0-2: Ground out 4-3 (Groundball, 4MS, EV 75 MPH)
|
|
Batting: RHB Clarence Shelton
|
0-0: Foul Ball, location: 9LSF 0-1: Foul Ball, location: 9LDF 0-2: Foul Ball, location: 2F 0-2: Fly out, F7 (Flyball, 7, EV 82 MPH)
|
| Bottom of the 5th over - 0 runs, 0 hits, 0 errors, 0 left on base; Cincinnati 2 - Atlanta 1 |
| TOP OF THE 6TH |
|
Cincinnati Reds batting - Pitching for Atlanta Hammers : RHP Mike Whiteford
|
|
Batting: RHB Blake Anderson
|
0-0: Called Strike 0-1: Ball 1-1: Ball 2-1: Ball 3-1: Base on Balls
|
|
Batting: RHB Jorge Cortéz
|
0-0: Called Strike 0-1: Ball 1-1: Swinging Strike 1-2: Foul Ball, location: 7LMF 1-2: SINGLE (Groundball, 56S, EV 45 MPH) (infield hit) Blake Anderson to second
|
|
Pitching: RHP Chip Hayes
|
|
|
Batting: RHB Orlando Arcia
|
0-0: Ball 1-0: Ball 2-0: Ball 3-0: Called Strike 3-1: Called Strike 3-2: Fly out, F3 (Popup, 34S, EV 46 MPH)
|
|
Batting: RHB Tito Polo
|
0-0: Called Strike 0-1: Foul Ball, location: 9LMF 0-2: Ball 1-2: Reached on error, E1 (Groundball, 13S, EV 57 MPH) Blake Anderson to third Jorge Cortéz to second
|
|
Batting: LHB José Juárez
|
0-0: Ball 1-0: Ball 2-0: Ball 3-0: Called Strike 3-1: Fly out, F7 (Flyball, 56D, EV 70 MPH)
|
|
Batting: RHB Dana Jones
|
0-0: Ball 1-0: Called Strike 1-1: Foul Ball, location: 2RF 1-2: Foul Ball, location: 2F 1-2: Ball 2-2: Ball 3-2: Fly out, F3 (Popup, 3L, EV 52 MPH)
|
| Top of the 6th over - 0 runs, 1 hit, 1 error, 3 left on base; Cincinnati 2 - Atlanta 1 |
| BOTTOM OF THE 6TH |
|
Atlanta Hammers batting - Pitching for Cincinnati Reds : RHP Marcus Stroman
|
|
Batting: LHB Mal Bickerton
|
0-0: Called Strike 0-1: Ball 1-1: Foul Ball, location: 9LMF 1-2: Foul Ball, location: 9LMF 1-2: Ball 2-2: Ground out U3 (Groundball, 34S, EV 61 MPH)
|
|
Batting: RHB Jim Bowers
|
0-0: Swinging Strike 0-1: Ball 1-1: Ball 2-1: Swinging Strike 2-2: Foul Ball, location: 2RF 2-2: Foul Ball, location: 2F 2-2: SINGLE (Flyball, 4MD, EV 77 MPH)
|
|
Pitching: RHP Shane Broyles
|
|
|
Batting: LHB Artie Bailey
|
0-0: Called Strike 0-1: Ball 1-1: Ball 2-1: Called Strike 2-2: Ball 3-2: Strikes out swinging
|
|
Batting: LHB Tyrone Hanna
|
0-0: Ball 1-0: Swinging Strike 1-1: Ball 2-1: DOUBLE (Line Drive, 7LS, EV 91 MPH) Jim Bowers to third
|
|
Batting: RHB Wilmer Flores
|
0-0: Called Strike 0-1: Swinging Strike 0-2: Ball 1-2: Ball 2-2: SINGLE (Groundball, 13S, EV 54 MPH) (infield hit) Jim Bowers scores Tyrone Hanna to third
|
|
Batting: RHB Elys Escobar
|
0-0: Ball 1-0: Ball 2-0: Swinging Strike 2-1: Foul Ball, location: 3DF 2-2: DOUBLE (Line Drive, 89D, EV 86 MPH) Tyrone Hanna scores Wilmer Flores to third Runner from 3rd tries for Home, SAFE, no throw by CF
|
|
Batting: RHB Eric James
|
0-0: Swinging Strike 0-1: Swinging Strike 0-2: Strikes out swinging
|
| Bottom of the 6th over - 3 runs, 4 hits, 0 errors, 1 left on base; Cincinnati 2 - Atlanta 4 |
| TOP OF THE 7TH |
|
Cincinnati Reds batting - Pitching for Atlanta Hammers : RHP Chip Hayes
|
|
Pitching: RHP Carlos A. Lopez
|
|
|
Batting: LHB Mike Lambright
|
0-0: Called Strike 0-1: Ball 1-1: Ground out 5-3 (Groundball, 25, EV 81 MPH)
|
|
Batting: RHB Jeff Adams
|
0-0: Ball 1-0: Foul Ball, location: 2F 1-1: SINGLE (Groundball, 5D, EV 91 MPH)
|
|
Batting: LHB José Parra
|
0-0: Called Strike 0-1: Ball 1-1: Foul Ball, location: 2F 1-2: Strikes out looking
|
|
Batting: RHB Blake Anderson
|
0-0: Foul Ball, location: 2F 0-1: Ball 1-1: Called Strike 1-2: Foul Ball, location: 7LSF 1-2: Ball 2-2: Strikes out swinging
|
| Top of the 7th over - 0 runs, 1 hit, 0 errors, 1 left on base; Cincinnati 2 - Atlanta 4 |
| BOTTOM OF THE 7TH |
|
Atlanta Hammers batting - Pitching for Cincinnati Reds : RHP Shane Broyles
|
|
Pitching: RHP Bob Brooks
|
|
|
Batting: LHB Luis Herta
|
0-0: Ground out 3-1 (Groundball, 3S, EV 113 MPH)
|
|
Batting: RHB Clarence Shelton
|
0-0: Called Strike 0-1: Ball 1-1: Ball 2-1: Ball 3-1: Swinging Strike 3-2: Ground out 6-3 (Groundball, 6, EV 91 MPH)
|
|
Batting: LHB Mal Bickerton
|
0-0: Swinging Strike 0-1: Ball 1-1: Foul Ball, location: 9LSF 1-2: Strikes out swinging
|
| Bottom of the 7th over - 0 runs, 0 hits, 0 errors, 0 left on base; Cincinnati 2 - Atlanta 4 |
| TOP OF THE 8TH |
|
Cincinnati Reds batting - Pitching for Atlanta Hammers : RHP Carlos A. Lopez
|
|
Batting: RHB Jorge Cortéz
|
0-0: Ball 1-0: Ball 2-0: Called Strike 2-1: Fly out, F9 (Flyball, 89M, EV 92 MPH)
|
|
Pinch Hitting: LHB Jon Clark
|
0-0: Ball 1-0: Ground out 4-3 (Groundball, 4S, EV 79 MPH)
|
|
Batting: RHB Tito Polo
|
0-0: Foul Ball, location: 9LMF 0-1: Ball 1-1: Foul Ball, location: 5FF 1-2: Ball 2-2: Ball 3-2: Ground out 3-1 (Groundball, 34S, EV 72 MPH)
|
| Top of the 8th over - 0 runs, 0 hits, 0 errors, 0 left on base; Cincinnati 2 - Atlanta 4 |
| BOTTOM OF THE 8TH |
|
Atlanta Hammers batting - Pitching for Cincinnati Reds : RHP Bob Brooks
|
|
Pitching: RHP Julius Taylor
|
|
|
Now at 2B: Leury Garcia
|
|
|
Batting: RHB Jim Bowers
|
0-0: Reached on error, E6 (Groundball, 6S, EV 58 MPH)
|
|
Batting: LHB Artie Bailey
|
0-0: Swinging Strike 0-1: Ball 1-1: Foul Ball, location: 2F 1-2: Foul Ball, location: 2F 1-2: Ball 2-2: Grounds into double play, 5-4-3 (Groundball, 6, EV 78 MPH)
|
|
Batting: LHB Tyrone Hanna
|
0-0: Swinging Strike 0-1: Ball 1-1: Ball 2-1: Ground out 6-3 (Groundball, 6MS, EV 55 MPH)
|
| Bottom of the 8th over - 0 runs, 0 hits, 1 error, 0 left on base; Cincinnati 2 - Atlanta 4 |
| TOP OF THE 9TH |
|
Cincinnati Reds batting - Pitching for Atlanta Hammers : RHP Carlos A. Lopez
|
|
Pitching: RHP Dan Hicks
|
|
|
Batting: LHB José Juárez
|
0-0: Fly out, F6 (Popup, 6M, EV 47 MPH)
|
|
Batting: RHB Dana Jones
|
0-0: Called Strike 0-1: Foul Ball, location: 7LSF 0-2: Foul Ball, location: 9LSF 0-2: Ball 1-2: Ball 2-2: Fly out, F3 (Popup, 34, EV 61 MPH)
|
|
Batting: LHB Mike Lambright
|
0-0: Called Strike 0-1: Swinging Strike 0-2: Foul Ball, location: 2F 0-2: Ball 1-2: Ground out 3-1 (Groundball, 34S, EV 60 MPH)
|
| Top of the 9th over - 0 runs, 0 hits, 0 errors, 0 left on base; Cincinnati 2 - Atlanta 4 |
|